 Dungeon Crawl Stone Soup version 0.22.0-75-g3901e79 (webtiles) character file.

40 Loudmushroom the Shield-Bearer (level 3, -6/23 HPs)
             Began as a Gargoyle Fighter on Sept 15, 2018.
             Mangled by Sigmund
             ... wielding a +0 scythe
              (9 damage)
             ... on level 2 of the Dungeon.
             The game lasted 00:05:15 (1255 turns).

Loudmushroom the Shield-Bearer (Gargoyle Fighter)   Turns: 1255, Time: 00:05:16

Health: -6/23      AC: 12    Str: 20    XL:     3   Next: 50%
Magic:  3/3        EV:  5    Int:  8    God:
Gold:   95         SH:  9    Dex:  9    Spells: 2/2 levels left

rFire    . . .     SeeInvis .   a - +0 war axe
rCold    . . .     Gourm    .   c - +0 shield
rNeg     + . .     Faith    .   j - +0 chain mail
rPois    ∞         Spirit   .   (no helmet)
rElec    +         Reflect  .   (no cloak)
rCorr    .         Harm     .   (no gloves)
MR       .....                  (no boots)
Stlth    ..........             (no amulet)
HPRegen  0.07/turn              (no ring)
MPRegen  0.08/turn              (no ring)

@: no status effects
A: negative energy resistance 1, electricity resistance, unbreathing,
petrification resistance, rot immunity, AC +3
a: no special abilities


You were on level 2 of the Dungeon.
You were not hungry.

You visited 1 branch of the dungeon, and saw 2 of its levels.

You collected 95 gold pieces.

Inventory:

Hand Weapons
 a - a +0 war axe (weapon)
 m - a +0 hunting sling
Missiles
 e - 37 stones (quivered)
Armour
 c - a +0 shield (worn)
 j - a +0 chain mail (worn)
Jewellery
 k - a +3 ring of protection {unknown}
Scrolls
 b - a scroll of identify {unknown}
 h - a scroll of remove curse {unknown}
 i - a scroll of blinking {unknown}
 l - a scroll of random uselessness {unknown}
 n - a scroll of noise {unknown}
Potions
 d - a potion of might
Comestibles
 f - 2 rations
 g - 4 chunks of flesh


   Skills:
 + Level 3.6 Fighting
 * Level 2.5 Axes
 + Level 3.6 Armour
 + Level 3.7 Shields


You had 2 spell levels left.
You didn't know any spells.
Your spell library was empty.

Dungeon Overview and Level Annotations

Branches:
Dungeon (2/15)

Altars:

Annotations:
D:2 Sigmund


Innate Abilities, Weirdness & Mutations

You are resistant to torment.
Your stone body is resilient. (AC +3)
You are immune to poison.
You resist negative energy. (rN+)
You are resistant to electric shocks. (rElec)
You can survive without breathing.
You are immune to petrification.
You are immune to rotting.


Message History

The kobold hits you but does no damage.
Your shield and chain mail prevent you from hitting something.
You closely miss the kobold. You block the kobold's attack.
Something hits you but does no damage. The kobold hits you but does no damage.
Your chain mail prevents you from hitting something.
You completely miss the kobold. Something hits you but does no damage.
The kobold hits you but does no damage.
You miss something. You miss the kobold.
The kobold hits you but does no damage. Something hits you but does no damage.
You block the kobold's attack.
You miss something. You closely miss the kobold. Something hits you.
* * * LOW HITPOINT WARNING * * *
You block the kobold's attack.
You miss something. You hit the kobold.
You kill the kobold!
Something hits you.
* * * LOW HITPOINT WARNING * * *
You closely miss something. Something hits you but does no damage.
You miss something. Something hits you!
You die...

#.. #. #.......... ... #.
#.............. #.
#.......... #.
?......#.......... #.
........#.......... #.
..%.....#.......... #.
........#.{........ #.
........#.)@....... #.
........#.(........ #.
......(.#.......$.. #.
................... #..#.
###.........###### #..#.
#.............. #....
#.............. ##...
#..............####.##...
#..............#.... #...


There were no monsters in sight!

Vanquished Creatures
  An adder (D:2)
  A dart slug (D:2)
  4 giant cockroaches
  5 goblins
  4 hobgoblins (D:1)
  3 kobolds
  4 bats (D:1)
  2 frilled lizards (D:1)
  4 rats
28 creatures vanquished.

Notes
Turn   | Place    | Note
-------+----------+-------------------------------------------
     0 | D:1      | Loudmushroom the Gargoyle Fighter began the quest for the
                  | Orb.
     0 | D:1      | Reached XP level 1. HP: 14/14 MP: 1/1
     2 | D:1      | Noticed a ghoul
     4 | D:1      | Noticed a naga
     4 | D:1      | Noticed a merfolk
     6 | D:1      | Noticed a troll
     8 | D:1      | Noticed a human
     8 | D:1      | Noticed a gargoyle
    10 | D:1      | Noticed a vampire
    10 | D:1      | Noticed a tengu
    12 | D:1      | Noticed an elf
    12 | D:1      | Noticed a demonspawn
    14 | D:1      | Noticed an octopode
    16 | D:1      | Noticed a formicid
    18 | D:1      | Noticed a demigod
    18 | D:1      | Noticed a minotaur
    20 | D:1      | Noticed a centaur
    20 | D:1      | Noticed a dwarf
    22 | D:1      | Noticed a draconian
    22 | D:1      | Noticed a halfling
    24 | D:1      | Noticed an ogre
    24 | D:1      | Noticed a spriggan
    26 | D:1      | Noticed a felid
    26 | D:1      | Noticed a vine stalker
   259 | D:1      | Reached XP level 2. HP: 17/19 MP: 2/2
  1052 | D:2      | Reached XP level 3. HP: 23/23 MP: 3/3
  1240 | D:2      | Noticed Sigmund
  1255 | D:2      | Mangled by Sigmund

Skill      XL: |  1 |
---------------+----+-----
Axes           | 2 |  2.5
Fighting       | |  3.6
Armour         | |  3.6
Shields        | |  3.7

Action                   || total
-------------------------++-------
Melee: War axe           ||    95
  Eat: Chunk             ||     1
Armor: Scale mail        ||    23
       Chain mail        ||    56
Dodge: Dodged            ||    32
Block: Shield            ||    60
